 Dungeon Sprint DCSS version 0.21-a0-633-g4c047d5f35 (webtiles) character file.

427 NixNut the Cleaver (level 6, 0/52 HPs)
             Began as a Demonspawn Gladiator on Dec 29, 2017.
             Was an Initiate of Wu Jian.
             Slain by Sonja
             ... wielding a +0 short sword of draining
              (1 damage)
             ... in the Dungeon (Sprint I: "Red Sonja").
             The game lasted 00:05:39 (448 turns).

NixNut the Cleaver (Demonspawn Gladiator)            Turns: 448, Time: 00:05:39

Health: 0/52       AC:  4    Str: 17    XL:     6   Next: 65%
Magic:  0/6        EV: 11    Int:  9    God:    Wu Jian [......]
Gold:   303        SH:  0    Dex: 14    Spells: 5/5 levels left

rFire    . . .     SeeInvis .   a - +0 war axe
rCold    . . .     Gourm    .   (no shield)
rNeg     . . .     Faith    .   b - +0 leather armour
rPois    .         Spirit   +   c - +0 helmet
rElec    .         Reflect  .   (no cloak)
rCorr    .         Harm     .   (no gloves)
MR       .....     NoTele   +   (no boots)
Stlth    +.........             m - amulet of regeneration
HPRegen  0.57/turn              (no ring)
MPRegen  0.10/turn              (no ring)

@: lethally poisoned (0 -> -9), berserk cooldown, hasted and slowed, extremely
drained
A: foul stench 1, magic shield, rot immunity
a: Renounce Religion


You were in the Dungeon.
You worshipped Wu Jian.
Wu Jian was noncommittal.
You were not hungry.

You visited 1 branch You collected 303 gold pieces.

Inventory:

Hand Weapons
 a - a +0 war axe (weapon)
 e - a +0 scythe
Missiles
 d - 3 throwing nets (quivered)
Armour
 b - a +0 leather armour (worn)
 c - a +0 helmet (worn)
Jewellery
 m - an amulet of regeneration (around neck)
Scrolls
 k - a scroll of blinking
Potions
 i - 2 potions of magic
Comestibles
 f - a ration
 l - 4 chunks of flesh


   Skills:
 * Level 6.2(0.0) Fighting
 * Level 8.8(0.0) Axes
 - Level 3.1(0.0) Throwing
 * Level 4.1(0.0) Armour
 + Level 7.5(0.0) Dodging


You had 5 spell levels left.
You didn't know any spells.

Dungeon Overview and Level Annotations

Branches:
Dungeon (1/1)

Altars:
Cheibriados
Dithmenos
Elyvilon
Fedhas
Gozag
Hepliaklqana
Kikubaaqudgha
Nemelex Xobeh
Okawaru
Qazlal
Ru
Sif Muna
Trog
Uskayaw
Vehumet
Wu Jian
Yredelemnul
Zin
The Shining One

Shops:
D *

Annotations:
D Sonja


Innate Abilities, Weirdness & Mutations

You may emit foul miasma when damaged in melee.
When hurt, damage is shared between your health and your magic reserves.
You are immune to rotting.


Message History

You feel your anger nearly subside.
* * * LOW HITPOINT WARNING * * *
You feel sick.
There is an open door, spattered with blood here.
You closely miss Sonja.
You are no longer berserk.
You are exhausted.
You feel as though you will be slow longer.
* * * LOW HITPOINT WARNING * * *
You feel very sick.
Sonja unwields an uncursed enchanted blowgun.
Sonja wields an uncursed short sword of draining.
You sense an unholy aura.
Sonja barely misses you.
Sonja hits you with an uncursed short sword of draining.
* * * LOW HITPOINT WARNING * * *
You feel drained. Sonja barely misses you. x3
Sonja hits you with an uncursed short sword of draining.
* * * LOW HITPOINT WARNING * * *
You feel drained.
You die...

#<.#..'..#..'..#
#..').#.)'[.#..+
#..#####'#####'#
#..####..#...#.#
#..#__####.(##.#
#..#_____##'#_.+
#⌠⌠#_.∩...†..._#
####_..__##K.#+#
#_____###@#
####### #(#
+$.$+ #$.$#
##.## #+#


You could see Sonja.

Vanquished Creatures
  Sigmund (D)
  A yak (D)
  An ogre (D)
  A jelly (D)
  Ijyb (D)
5 creatures vanquished.

Notes
Turn   | Place    | Note
-------+----------+-------------------------------------------
     0 | D        | NixNut the Demonspawn Gladiator began the quest for the Orb.
     0 | D        | Reached XP level 1. HP: 16/16 MP: 1/1
     1 | D        | Noticed Ijyb
    15 | D        | Killed Ijyb
    15 | D        | Reached skill level 4 in Axes
    15 | D        | Gained mutation: When hurt, damage is shared between your health and your magic reserves. [demonic ancestry]
    15 | D        | Reached XP level 2. HP: 14/23 MP: 2/2
   141 | D        | Noticed an ogre
   150 | D        | Killed an ogre
   150 | D        | Reached skill level 6 in Axes
   150 | D        | Reached skill level 1 in Armour
   150 | D        | Reached skill level 5 in Dodging
   150 | D        | Reached XP level 3. HP: 22/30 MP: 1/3
   150 | D        | Gained mutation: You are immune to rotting. [demonic ancestry]
   150 | D        | Reached XP level 4. HP: 27/37 MP: 1/4
   240 | D        | Noticed Sigmund
   247 | D        | Killed Sigmund
   247 | D        | Reached skill level 7 in Axes
   247 | D        | Reached XP level 5. HP: 34/43 MP: 5/5
   265 | D        | Found a deep blue altar of Sif Muna.
   266 | D        | Found an ornate altar of the Wu Jian Council.
   267 | D        | Found a radiant altar of Vehumet.
   271 | D        | Reached skill level 5 in Fighting
   271 | D        | Reached skill level 8 in Axes
   271 | D        | Gained mutation: You may emit foul miasma when damaged in melee. [demonic ancestry]
   271 | D        | Reached XP level 6. HP: 39/51 MP: 4/6
   351 | D        | Became a worshipper of the Wu Jian Council
   368 | D        | Found Bessaa's Assorted Antiques.
   368 | D        | Found an ancient bone altar of Kikubaaqudgha.
   368 | D        | Found a hazy altar of Hepliaklqana.
   368 | D        | Found a stormy altar of Qazlal.
   368 | D        | Found a hide-covered altar of Uskayaw.
   368 | D        | Found a blossoming altar of Fedhas.
   368 | D        | Found a bloodstained altar of Trog.
   368 | D        | Found an iron altar of Okawaru.
   368 | D        | Found a basalt altar of Yredelemnul.
   368 | D        | Found a glowing golden altar of the Shining One.
   368 | D        | Found a snail-covered altar of Cheibriados.
   368 | D        | Found a sacrificial altar of Ru.
   368 | D        | Found a glowing silver altar of Zin.
   368 | D        | Found a shadowy altar of Dithmenos.
   368 | D        | Found a white marble altar of Elyvilon.
   368 | D        | Noticed a yak
   378 | D        | Killed a yak
   419 | D        | Found an opulent altar of Gozag.
   420 | D        | Found a sparkling altar of Nemelex Xobeh.
   429 | D        | Noticed Sonja
   448 | D        | HP: 1/52 [Sonja/uncursed short sword of draining (2)]
   448 | D        | Slain by Sonja

Vault maps used:
D:        dungeon_sprint_1

Skill      XL: |  1  2  3  4  5  6 |
---------------+-------------------+-----
Axes           | 4 6 7 8 |  8.8
Throwing       | 2 3 |  3.1
Dodging        | 4 5 7 |  7.5
Fighting       | 3 4 5 6 |  6.2
Armour         | 1 2 4 |  4.1

Action                   |  1- 3 |  4- 6 || total
-------------------------+-------+-------++-------
Melee: War axe           |    20 |    26 ||    46
  Use: Potion            |     1 |     3 ||     4
Armor: Leather armour    |     1 |     6 ||     7
Dodge: Dodged            |    13 |    31 ||    44

Table legend:
 A = Spawn XP
 B = Non-spawn XP
 C = Spawn XP percentage of total XP
 D = Spawn monster count
 E = Non-spawn monster count
 F = Spawn count percentage of total count
 G = Total turns spent on level
                    A         B        C        D         E        F      G
               +---------+---------+-------+---------+---------+-------+---------
         Total |       0 |     611 |   0.0 |       0 |       5 |   0.0 |   448
               +---------+---------+-------+---------+---------+-------+---------
             D |       0 |     611 |   0.0 |       0 |       5 |   0.0 |   448
               +---------+---------+-------+---------+---------+-------+---------
